 Dungeon Crawl Stone Soup version 0.29-a0-338-g1ff7896281 (webtiles) character file.

Game seed: 9058268612827727063

2351 Jortsu the Basher (level 9, -17/88 HPs)
             Began as a Troll Fighter on Apr 19, 2022.
             Was an Elder of Ignis.
             Demolished by an orc warrior
             ... wielding a +0 glaive
              (26 damage)
             ... in a bailey.
             The game lasted 00:11:07 (5492 turns).

Jortsu the Basher (Troll Fighter)                   Turns: 5492, Time: 00:11:08

Health: -17/88     AC: 16    Str: 30    XL:     9   Next: 20%
Magic:  8/8        EV: 11    Int:  4    God:    Ignis [****..]
Gold:   485        SH:  0    Dex: 15    Spells: 8/8 levels left

rFire   + + .      SeeInvis .   d - +0 giant spiked club
rCold   . . .      Faith    .   (shield currently unavailable)
rNeg    . . .      Spirit   .   s - +2 robe {rF+}
rPois   .          Reflect  .   (helmet restricted)
rElec   .          Harm     .   f - +2 cloak
rCorr   .          Rampage  .   (gloves unavailable)
Will    .....                   (boots unavailable)
Stlth   ++........              h - amulet of regeneration
HPRegen 1.84/turn               v - +6 ring of dexterity
MPRegen 0.11/turn               (no ring)

@: mighty, fiery-armoured
A: large, unfitting armour, claws 3, regeneration 1, shaggy fur 1, tough skin 1
a: Renounce Religion, Fiery Armour, Foxfire Swarm, Rising Flame


You were in a bailey.
You worshipped Ignis.
Ignis was greatly pleased with you.
You visited 1 branch of the dungeon, and saw 8 of its levels.
You also visited: Bailey.

You collected 485 gold pieces.

Inventory:

Hand Weapons
 a - a +1 flail
 d - a +0 giant spiked club (weapon)
Missiles
 A - a throwing net (quivered)
Armour
 c - a +0 kite shield
 f - a +2 cloak (worn)
 s - a +2 robe of fire resistance (worn)
Jewellery
 h - an amulet of regeneration (around neck)
 t - an amulet of guardian spirit
 v - a +6 ring of dexterity (left claw)
 y - an amulet of reflection
Wands
 g - a wand of iceblast (9)
 q - a wand of acid (9)
 u - a wand of charming (12)
Scrolls
 i - 3 scrolls of blinking
 k - 2 scrolls of amnesia
 n - 5 scrolls of teleportation
 r - 2 scrolls of enchant armour
 x - a scroll of magic mapping
Potions
 b - 3 potions of heal wounds {unknown}
 e - 4 potions of curing
 j - 3 potions of magic {unknown}
 l - 3 potions of flight {unknown}
 m - a potion of mutation
 o - 3 potions of resistance {unknown}
 p - 2 potions of attraction {unknown}
 w - 2 potions of cancellation
 z - 3 potions of invisibility
 B - a potion of experience {unknown}
 D - a potion of brilliance {unknown}


   Skills:
 + Level 5.2 Fighting
 + Level 8.5 Maces & Flails
 + Level 4.8 Dodging
 + Level 1.5 Stealth
 + Level 2.9 Shields


You had 8 spell levels left.
You didn't know any spells.
Your spell library contained the following spells:

 Spells                   Type           Power      Damage    Failure   Level
 Corpse Rot               Necr/Air       0%         N/A       65%         2
 Ensorcelled Hibernation  Hex/Ice        0%         N/A       65%         2
 Poisonous Vapours        Pois/Air       0%         N/A       65%         2
 Portal Projectile        Hex/Tloc       0%         N/A       86%         3
 Spider Form              Tmut/Pois      0%         N/A       86%         3
 Anguish                  Hex/Necr       0%         N/A       99%         4
 Blade Hands              Tmut           0%         N/A       100%        5
 Excruciating Wounds      Necr           0%         N/A       100%        5
 Conjure Ball Lightning   Conj/Air       0%         3x3d6     100%        6
 Discord                  Hex            0%         N/A       100%        8
 Disjunction              Tloc           0%         N/A       100%        8


Dungeon Overview and Level Annotations

Branches:
Dungeon (8/15)             Temple (0/1) D:6            Lair (0/6) D:8
 Bailey (1/1)

Altars:
Ignis

Shops:
D:5 *

Annotations:
D:3 1 runed translucent door, Mandevil's ghost, amateur SpAM
D:6 3 runed translucent doors, Iidacon's ghost, novice MiBe
D:8 1 runed translucent door, Dauddaud's ghost, novice MiBe


Innate Abilities, Weirdness & Mutations

You are too large for most types of armour.
You have claws for hands.
Your natural rate of healing is unusually fast.
You are covered in fur. (AC +1)
You have tough skin. (AC +1)


Message History

The orc knight moves out of view.
There is an open gate here.
The orc shouts!
The orc warrior shouts!
The orc shouts!
The orc knight roars a battlecry!
The orcs go into a battle-frenzy!
Okay, then.
A protective cloak of flame settles atop you.
The orc hits you from afar with a +0 halberd.
Okay, then.
You feel very mighty all of a sudden. The orc closely misses you.
The orc closely misses you.
The orc knight hits you from afar with a +0 halberd!!
You pound the orc like an anvil!!!
You kill the orc!
The orc closely misses you.
The orc knight hits you from afar with a +0 halberd!!
The orc barely misses you.
You bludgeon the orc warrior!!
The orc warrior is almost dead.
The orc hits you from afar with a +0 trident.
The orc hits you but does no damage.
The orc knight hits you from afar with a +0 halberd!
The orc hits you but does no damage. The orc barely misses you.
The orc hits you but does no damage. x2
The orc knight hits you from afar with a +0 halberd.
You barely miss the orc. The orc barely misses you. x2
The orc knight hits you but does no damage.
The orc warrior hits you with a +0 glaive!
* * * LOW HITPOINT WARNING * * *
The orc warrior is burned by your cloak of flames.
The orc warrior is almost dead.
The orc hits you from afar with a +0 spear!
* * * LOW HITPOINT WARNING * * *
The orc attacks as you move away! The orc hits you but does no damage.
The orc is burned by your cloak of flames.
The orc is severely wounded.
The orc warrior attacks as you move away!
The orc warrior hits you with a +0 glaive!!
You die...

##'''##
#.....#
#.....#
#.....#
#.....#
#.....#
##'''##
##.o...##
#..@oo..#
#..#.#..#
#.o.oo..#
#.......#
#.......#
##.....##
#+++++#


You could see an orc knight, an orc warrior (strong) and 4 orcs.

Vanquished Creatures
  An ugly thing (D:8)
  3 water moccasins
  2 orc warriors (Bailey)
  3 centaurs
  An ogre (D:3)
  A bullfrog (D:6)
  2 necrophages
  A gnoll sergeant (D:6)
  2 scorpions (D:5)
  A howler monkey (D:8)
  2 hounds (D:6)
  2 orc priests
  3 jellies
  5 iguanas
  3 orc wizards
  16 gnolls
  4 adders (D:6)
  A white imp (D:5)
  A worm (D:5)
  3 dart slugs
  37 orcs
  9 ball pythons
  6 bats
  6 endoplasms
  9 giant cockroaches
  9 goblins
  5 hobgoblins
  5 jackals
  3 quokkas
  2 frilled lizards (D:3)
  6 kobolds
  3 rats
157 creatures vanquished.

Vanquished Creatures (others)
  16 foxfires (Bailey)
  2 fungi (D:6)
  2 plants (D:6)
20 creatures vanquished.

Grand Total: 177 creatures vanquished

Notes
Turn   | Place    | Note
-------+----------+-------------------------------------------
     0 | D:1      | Jortsu the Troll Fighter began the quest for the Orb.
     0 | D:1      | Reached XP level 1. HP: 22/22 MP: 0/0
   250 | D:1      | Reached XP level 2. HP: 29/29 MP: 1/1
   280 | D:1      | Reached skill level 2 in Maces & Flails
   733 | D:1      | Found a faded altar of an unknown god.
   740 | D:1      | Prayed at the altar of an unknown god.
   740 | D:1      | Became a worshipper of Ignis, the Dying Flame
   942 | D:2      | Reached XP level 3. HP: 36/36 MP: 2/2
  1562 | D:3      | Reached XP level 4. HP: 40/44 MP: 3/3
  1789 | D:3      | Noticed an ogre
  1802 | D:3      | Reached skill level 3 in Maces & Flails
  1803 | D:3      | Killed an ogre
  1804 | D:3      | Reached XP level 5. HP: 52/52 MP: 4/4
  2095 | D:3      | Found a runed translucent door.
  2096 | D:3      | Noticed Mandevil's ghost (amateur SpAM)
  2188 | D:4      | Reached skill level 4 in Maces & Flails
  2351 | D:5      | Entered Level 5 of the Dungeon
  2404 | D:5      | Reached XP level 6. HP: 49/58 MP: 5/5
  2877 | D:4      | Reached skill level 5 in Maces & Flails
  3431 | D:5      | Reached XP level 7. HP: 67/67 MP: 6/6
  3844 | D:5      | Found Zanalamerr's General Store.
  4036 | D:5      | Reached skill level 6 in Maces & Flails
  4193 | D:6      | Reached skill level 1 in Stealth
  4204 | D:6      | Identified the +1 leather armour "Asanea" {+Inv rC+ Int-3}
  4239 | D:5      | Reached XP level 8. HP: 67/78 MP: 7/7
  4451 | D:6      | Found a staircase to the Ecumenical Temple.
  4467 | D:6      | Noticed Iidacon's ghost (novice MiBe)
  4468 | D:6      | Found a runed translucent gate.
  4468 | D:6      | Found a runed translucent gate.
  4468 | D:6      | Noticed a kobold demonologist
  4469 | D:6      | Found a runed translucent gate.
  4610 | D:6      | Reached skill level 7 in Maces & Flails
  5187 | D:8      | Noticed a green ugly thing
  5195 | D:8      | Killed a green ugly thing
  5196 | D:8      | Reached skill level 8 in Maces & Flails
  5200 | D:8      | Reached skill level 5 in Fighting
  5200 | D:8      | Reached XP level 9. HP: 21/88 MP: 8/8
  5274 | D:8      | Found a runed translucent door.
  5275 | D:8      | Noticed Dauddaud's ghost (novice MiBe)
  5306 | D:8      | Found a flagged portal.
  5318 | Bailey   | Entered a bailey
  5484 | Bailey   | Noticed an orc knight
  5492 | Bailey   | Demolished by an orc warrior

Illustrated notes

Levels and vault maps discovered:
D:1:      minmay_arrival_loop, layout_basic,
          dreamdust_ecumenical_altar_angels_and_demons
D:2:      layout_basic
D:3:      layout_loops_ring, gammafunk_ghost_grave
D:4:      layout_basic, hangedman_decor_riveting,
          minmay_fractal_squares_diagonal_5
D:5:      layout_loops_corners, serial_shops, kennysheep_mini_moat, minivault_26
D:6:      layout_loops_ring, minmay_temple_entry_overgrown,
          gammafunk_ghost_nasty_kobolds
D:7:      layout_basic, chequers_serial_rivers_small_b
D:8:      layout_gridville, nicolae_overflow_hidden_temple, lair_entry_dummy,
          gammafunk_ghost_grave, enter_bailey_6, minivault_19,
          kennysheep_generic_room_3
Bailey:   bailey_polearm_5, bailey

Skill      XL: |  1  2  3  4  5  6  7  8 |
---------------+-------------------------+-----
Maces & Flails | 2 3 4 5 6 8 |  8.5
Dodging        | 3 4 |  4.8
Fighting       | 3 4 5 |  5.2
Stealth        | 1 |  1.5
Shields        | |  2.9

Action                   |  1- 3 |  4- 6 |  7- 9 || total
-------------------------+-------+-------+-------++-------
Melee: Flail             |   142 |    14 |       ||   156
       Giant spiked club |       |   160 |   185 ||   345
Invok: Foxfire Swarm     |       |       |     2 ||     2
       Fiery Armour      |       |       |     1 ||     1
  Use: Scroll            |     7 |     7 |     2 ||    16
       Potion            |       |     2 |     2 ||     4
 Stab: Sleeping          |       |     1 |     4 ||     5
Armor: Robe              |    86 |   126 |   120 ||   332
Dodge: Dodged            |    55 |   168 |   192 ||   415
Block: Kite shield       |    74 |     3 |       ||    77

Table legend: (Time is in decaauts)
 A = Elapsed time spent in this place.
 B = Non-inter-level travel time spent in this place.
 C = Inter-level travel time spent in this place.
 D = Time resting spent in this place.
 E = Time spent auto-exploring this place.
 F = Levels seen in this place.
 G = Mean time per level.
                   A        B        C        D        E       F      G
               +--------+--------+--------+--------+--------+-----+--------+
         Total |   5732 |   5607 |    125 |    374 |   3487 |   9 |  636.9 |
       Dungeon |   5542 |   5417 |    125 |    362 |   3487 |   8 |  692.8 |
        Bailey |    189 |    189 |      0 |     12 |      0 |   1 |  189.0 |
               +--------+--------+--------+--------+--------+-----+--------+

Top non-repeatable levels by time:
     D:5: 1201 daAuts
     D:4: 1004 daAuts
     D:6: 913 daAuts
     D:3: 831 daAuts
     D:1: 794 daAuts
     D:2: 615 daAuts
  Bailey: 189 daAuts
     D:8: 137 daAuts
     D:7: 44 daAuts
